 Dungeon Crawl Stone Soup version 0.21.1-1-g345015f (webtiles) character file.

1509 polly the Cudgeler (level 8, -12/76 HPs)
             Began as a Gargoyle Berserker on June 24, 2018.
             Was a Priest of Trog.
             Mangled by a two-headed ogre
             ... wielding a +0 giant club
              (15 damage)
             ... on level 8 of the Dungeon.
             The game lasted 00:08:45 (6812 turns).

polly the Cudgeler (Gargoyle Berserker)             Turns: 6812, Time: 00:08:46

Health: -12/76     AC: 15    Str: 26    XL:     8   Next: 82%
Magic:  8/8        EV:  9    Int:  8    God:    Trog [***...]
Gold:   421        SH:  0    Dex: 11    Spells: 7/7 levels left

rFire    . . .     SeeInvis .   B - +0 morningstar
rCold    . . .     Gourm    .   (no shield)
rNeg     + . .     Faith    .   f - +0 chain mail
rPois    ∞         Spirit   .   y - +0 hat
rElec    +         Reflect  .   (no cloak)
rCorr    .         Harm     .   (no gloves)
MR       .....                  (no boots)
Stlth    ..........             (no amulet)
HPRegen  0.22/turn              (no ring)
MPRegen  0.11/turn              (no ring)

@: berserking, very quick
A: negative energy resistance 1, electricity resistance, unbreathing,
petrification resistance, rot immunity, AC +5
a: Berserk, Trog's Hand, Burn Spellbooks, Renounce Religion


You were on level 8 of the Dungeon.
You worshipped Trog.
Trog was most pleased with you.
You were not hungry.

You visited 2 branches of the dungeon, and saw 9 of its levels.

You collected 421 gold pieces.

Inventory:

Hand Weapons
 B - a +0 morningstar (weapon)
Armour
 f - a +0 chain mail (worn)
 y - a +0 hat (worn)
Jewellery
 x - an uncursed ring of protection from cold {unknown}
 z - an uncursed amulet of regeneration {unknown}
 A - an uncursed amulet of regeneration {unknown}
 F - an uncursed amulet of guardian spirit {unknown}
Wands
 b - a wand of iceblast (6)
Scrolls
 e - 8 scrolls of identify {unknown}
 h - 5 scrolls of remove curse {unknown}
 j - 4 scrolls of immolation {unknown}
 n - 2 scrolls of noise {unknown}
 p - a scroll of enchant armour {unknown}
 q - 3 scrolls of amnesia {unknown}
 s - 2 scrolls of fear {unknown}
 w - 2 scrolls of teleportation {unknown}
 C - a scroll of blinking {unknown}
Potions
 a - a potion of mutation {unknown}
 d - a potion of might {unknown}
 g - a potion of degeneration {unknown}
 i - a potion of heal wounds {unknown}
 k - 2 potions of magic {unknown}
 l - 2 potions of lignification {unknown}
 m - 2 potions of agility {unknown}
 o - a potion of haste {unknown}
 r - a potion of cancellation {unknown}
 t - a potion of flight {unknown}
 u - 4 potions of curing {unknown}
 D - a potion of berserk rage {unknown}
Books
 v - a book of Changes

   Spells                             Type                      Level
   a - Beastly Appendage              Transmutation                1
   b - Sticks to Snakes               Transmutation                2
   c - Spider Form                    Transmutation/Poison         3
   d - Ice Form                       Ice/Transmutation            4
   e - Blade Hands                    Transmutation                5
   Trog disapproves of the use of such an item.
Comestibles
 c - 16 rations


   Skills:
 + Level 6.2 Fighting
 + Level 7.8 Maces & Flails
 + Level 6.4 Armour
 + Level 2.4 Dodging
 + Level 1.2 Stealth


You had 7 spell levels left.
You didn't know any spells.

Dungeon Overview and Level Annotations

Branches:
Dungeon (8/15)             Temple (1/1) D:4
   Lair: D:8-11

Altars:
Ashenzari
Cheibriados
Dithmenos
Elyvilon
Fedhas
Gozag
Makhleb
Okawaru
Qazlal
Trog
Yredelemnul


Innate Abilities, Weirdness & Mutations

You are resistant to torment.
Your stone body is resilient. (AC +5)
You are immune to poison.
You resist negative energy. (rN+)
You are resistant to electric shocks. (rElec)
You can survive without breathing.
You are immune to petrification.
You are immune to rotting.


Message History

The ice beast barely misses you.
The two-headed ogre hits you with a giant club! x2
* * * LOW HITPOINT WARNING * * *
The ice beast closely misses you.
You are too injured to fight recklessly!
You are too injured to fight recklessly!
The ice beast hits you.
* * * LOW HITPOINT WARNING * * *
The ice beast freezes you!
* * * LOW HITPOINT WARNING * * *
A red film seems to cover your vision as you go berserk!
You feel yourself moving faster!
You feel mighty!
You feel a lot more hungry. The two-headed ogre barely misses you.
The two-headed ogre hits you but does no damage.
You hit the two-headed ogre.
The two-headed ogre is heavily wounded.
The two-headed ogre hits you with a giant club.
* * * LOW HITPOINT WARNING * * *
The two-headed ogre hits you with a giant club!
You die...

... ...# .### #.. #..#
...# #.# #..# ...### #.#
#..# ..... #.# #..# ...#
##.#########..# ...#
.<........##..# ##...####
.#.######.##..####FO......
.#.##....#......@OY....###
....#.###[###.####..)..#
..#.. #.#...# ##.)..... ..
.## #.#.#.# .###### .. ##
#.#.#.# .# .. #.#.#.# .#
..#.#.# .# ###.#.# #.#..


You could see a two-headed ogre, an ice beast, an ogre and a bullfrog.

Vanquished Creatures
  A hornet (D:7)
  A spriggan (D:7)
  The ghost of TheEnd1234 the Chopper, an amateur MiBe of Trog (D:4)
  An ogre (D:5)
  2 centaurs
  The ghost of Tang the Sneak, an amateur OpEn (D:3)
  2 scorpions
  2 howler monkeys
  A crimson imp (D:6)
  An orc priest (D:4)
  2 iguanas
  5 worker ants
  A hound skeleton (D:4)
  15 adders
  2 oozes (D:2)
  4 adder skeletons
  A worm (D:2)
  3 dart slugs
  5 leopard geckos
  10 orcs
  2 ball pythons (D:3)
  5 giant cockroaches
  5 goblins
  9 hobgoblins
  13 jackals
  7 kobolds
  A quokka (D:4)
  6 bats
  6 frilled lizards
  A giant cockroach zombie (D:5)
  3 rats
119 creatures vanquished.

Notes
Turn   | Place    | Note
-------+----------+-------------------------------------------
     0 | D:1      | polly the Gargoyle Berserker began the quest for the Orb.
     0 | D:1      | Reached XP level 1. HP: 14/14 MP: 1/1
   346 | D:1      | Reached XP level 2. HP: 11/19 MP: 2/2
   927 | D:2      | Reached XP level 3. HP: 17/24 MP: 3/3
   965 | D:2      | Found a faded altar of an unknown god.
  1068 | D:2      | Reached XP level 4. HP: 11/30 MP: 4/4
  1119 | D:2      | Found a blossoming altar of Fedhas.
  1388 | D:2      | Reached skill level 4 in Maces & Flails
  1389 | D:2      | Found a white marble altar of Elyvilon.
  1389 | D:2      | Found an iron altar of Okawaru.
  1412 | D:2      | Reached ** piety under Trog
  1936 | D:3      | Found a shattered altar of Ashenzari.
  1981 | D:3      | Noticed Tang's ghost (amateur OpEn)
  1997 | D:3      | Killed Tang's ghost
  1997 | D:3      | Reached XP level 5. HP: 34/34 MP: 5/5
  2016 | D:3      | Found a blossoming altar of Fedhas.
  2067 | D:3      | Found a bloodstained altar of Trog.
  2511 | D:4      | Found a staircase to the Ecumenical Temple.
  2709 | D:4      | Reached skill level 5 in Maces & Flails
  2709 | D:4      | Reached XP level 6. HP: 27/40 MP: 6/6
  2737 | D:4      | Reached *** piety under Trog
  3317 | D:4      | Noticed TheEnd1234's ghost (amateur MiBe)
  3339 | D:4      | Killed TheEnd1234's ghost
  3339 | D:4      | Reached skill level 5 in Fighting
  3339 | D:4      | Reached skill level 6 in Maces & Flails
  3339 | D:4      | Reached XP level 7. HP: 35/44 MP: 7/7
  3646 | Temple   | Entered the Ecumenical Temple
  3672 | D:5      | Entered Level 5 of the Dungeon
  3797 | D:5      | Found a burning altar of Makhleb.
  3926 | D:5      | Found a snail-covered altar of Cheibriados.
  4267 | D:5      | Reached skill level 1 in Stealth
  4597 | D:6      | Found a shadowy altar of Dithmenos.
  4841 | D:6      | Reached XP level 8. HP: 43/50 MP: 8/8
  5241 | D:6      | Reached skill level 5 in Armour
  5315 | D:6      | Found a stormy altar of Qazlal.
  5390 | D:6      | Reached skill level 7 in Maces & Flails
  5737 | D:7      | Noticed a hornet
  5749 | D:7      | Killed a hornet
  5839 | D:7      | Found a blossoming altar of Fedhas.
  5990 | D:7      | Found an opulent altar of Gozag.
  6154 | D:7      | Found a basalt altar of Yredelemnul.
  6435 | D:7      | Noticed a spriggan baker
  6443 | D:7      | Killed a spriggan baker
  6800 | D:8      | Noticed a two-headed ogre
  6812 | D:8      | HP: 3/76 [two-headed ogre/giant club (3)]
  6812 | D:8      | Mangled by a two-headed ogre

Skill      XL: |  1  2  3  4  5  6  7  8 |
---------------+-------------------------+-----
Fighting       | 4 5 6 |  6.2
Maces & Flails | 4 5 6 7 |  7.8
Armour         | 3 4 6 |  6.4
Dodging        | 2 |  2.4
Stealth        | 1 |  1.2

Action                   |  1- 3 |  4- 6 |  7- 9 || total
-------------------------+-------+-------+-------++-------
Melee: Mace              |   114 |    49 |       ||   163
       Flail             |       |   197 |    71 ||   268
       Morningstar       |       |       |   115 ||   115
Invok: Berserk           |       |     2 |     2 ||     4
  Eat: Chunk             |       |     8 |     9 ||    17
       Ration            |       |       |     2 ||     2
Armor: Animal skin       |    13 |       |       ||    13
       Chain mail        |    49 |   162 |   136 ||   347
Dodge: Dodged            |    69 |   129 |    92 ||   290
